 Dungeon Crawl Stone Soup version 0.29.1-1-gd02db6906a (webtiles) character file.

Game seed: 525919709391103278

20 QueenGhuleh the Chopper (level 2, 28/28 HPs)
             Began as a Naga Berserker on Sept 26, 2022.
             Was a Follower of Trog.
             Quit the game on level 1 of the Dungeon on Sept 27, 2022.
             The game lasted 00:02:27 (1426 turns).

QueenGhuleh the Chopper (Naga Berserker)            Turns: 1426, Time: 00:02:28

Health: 28/28      AC:  1    Str: 19    XL:     2   Next: 79%
Magic:  2/2        EV:  9    Int:  7    God:    Trog [*.....]
Gold:   84         SH:  0    Dex: 10    Spells: 1/1 levels left

rFire   . . .      SeeInvis +   a - +0 hand axe
rCold   . . .      Faith    .   (no shield)
rNeg    . . .      Spirit   .   b - +0 animal skin
rPois   +          Reflect  .   (no helmet)
rElec   .          Harm     .   (no cloak)
rCorr   .          Rampage  .   (no gloves)
Will    .....                   (no barding)
Stlth   +.........              (no amulet)
HPRegen 0.09/turn               (no ring)
MPRegen 0.08/turn               (no ring)

@: very slow
A: AC +0, large, see invisible, deformed body, poison resistance, slowness 2,
spit poison 1, naga tail 1
a: Spit Poison, Renounce Religion, Berserk


You were on level 1 of the Dungeon.
You worshipped Trog.
Trog was aware of your devotion.
You visited 1 branch of the dungeon, and saw 1 of its levels.

You collected 84 gold pieces.

Inventory:

Hand Weapons
 a - a +0 hand axe (weapon)
Armour
 b - a +0 animal skin (worn)
Scrolls
 d - 4 scrolls of identify {unknown}
Potions
 c - a potion of mutation {unknown}
 e - 2 potions of lignification {unknown}


   Skills:
 + Level 3.3 Fighting
 + Level 3.3 Axes
 + Level 1.7 Armour
 + Level 1.7 Dodging
 + Level 0.7 Stealth


You had one spell level left.
You didn't know any spells.
Your spell library was empty.

Dungeon Overview and Level Annotations

Branches:
Dungeon (1/15)

Altars:


Innate Abilities, Weirdness & Mutations

Your serpentine skin is tough. (AC +0)
You have supernaturally acute eyesight. (SInv)
Armour fits poorly on your strangely shaped body.
Your system is resistant to poisons. (rPois)
You cover ground very slowly.
You can spit poison.
You have a snake-like lower body.


Message History

You closely miss the rat. The rat bites you.
You hit the rat.
The rat is severely wounded.
The rat closely misses you.
You hit the rat.
You kill the rat!
Trog accepts your kill. The rat closely misses you. x2
You hit the rat.
You kill the rat!
Trog accepts your kill.
No target in view!
No target in view!
A rat comes into view.
A rat is nearby!
A rat is nearby!
A rat comes into view.
Found 13 gold pieces.
You hit the rat but do no damage. You barely miss the rat.
The rat closely misses you. The rat bites you. The rat barely misses you.
The rat bites you.
You closely miss the rat. You hit the rat. The rat closely misses you.
The rat bites you.
You hit the rat but do no damage.
The rat is severely wounded.
You closely miss the rat. The rat bites you. x2
You hit the rat.
You kill the rat!
Trog accepts your kill.
You hit the rat.
You kill the rat!
Trog accepts your kill.
No target in view!
d - 4 scrolls labelled TIN VUESYCIA (gained 1)
You now have 84 gold pieces (gained 13).
You see here a rat corpse.
There is an open door, spattered with blood here.
A kobold and an endoplasm come into view.
There are monsters nearby!
Are you sure you want to abandon this character and quit the game? (Confirm with "yes".)

#......###.#....#
#..........#..<.#
#.....#....##.#######
####.#..............รท
#.#.#########.###.
#.#.# #.# #. #.#.# #.#
## #.#.# #.#### #@#.#
#.##.. .....K..#.#
#.##.. ##..J.....#
#.##.. #.########
#.##.. .. #####.##..
#......... #.........
#......... #.........


You could see an endoplasm (asleep) and a kobold (asleep).

Vanquished Creatures
  An endoplasm (D:1)
  A goblin (D:1)
  3 quokkas (D:1)
  2 ball pythons (D:1)
  4 bats (D:1)
  A frilled lizard (D:1)
  2 kobolds (D:1)
  8 rats (D:1)
22 creatures vanquished.

Notes
Turn   | Place    | Note
-------+----------+-------------------------------------------
     0 | D:1      | QueenGhuleh the Naga Berserker began the quest for the Orb.
     0 | D:1      | Reached XP level 1. HP: 21/21 MP: 1/1
   344 | D:1      | Reached XP level 2. HP: 9/28 MP: 2/2
  1426 | D:1      | Quit the game

Illustrated notes

Levels and vault maps discovered:
D:1:      dpeg_arrival_ratfight, layout_basic

Action                   || total
-------------------------++-------
Melee: Hand axe          ||    58
 Stab: Sleeping          ||     1
Armor: Animal skin       ||     8
Dodge: Dodged            ||    30
